 Dungeon Crawl Stone Soup version 0.28.0-53-g5a82cb258f (webtiles) character file.

Game seed: 2462331740546024333

4102 wingedge the Reanimator (level 10, -5/74 HPs)
             Began as a Demonspawn Necromancer on June 8, 2022.
             Was a High Priest of Okawaru.
             Slain by a vampire (7 damage)
             ... on level 8 of the Dungeon.
             The game lasted 00:28:07 (8524 turns).

wingedge the Reanimator (Demonspawn Necromancer)    Turns: 8524, Time: 00:28:07

Health: -5/74      AC:  7    Str: 12    XL:     10   Next: 6%
Magic:  26/27      EV: 12    Int: 18    God:    Okawaru [*****.]
Gold:   374        SH:  0    Dex: 13    Spells: 16/20 levels left

rFire   . . .      SeeInvis .   a - +2 dagger (elec)
rCold   . . .      Faith    +   (no shield)
rNeg    . . .      Spirit   .   r - +1 robe {Archmagi}
rPois   +          Reflect  .   (no helmet)
rElec   .          Harm     .   o - +0 cloak
rCorr   .          Rampage  .   h - +0 pair of gloves
Will    .....      Archmagi +   x - +0 pair of boots
Stlth   ++++......              d - amulet of faith
HPRegen 0.22/turn               p - ring of magical power
MPRegen 0.40/turn               J - ring "Dusomir" {Fly rPois Stlth+}

@: flying
A: magic regeneration, sharp scales 1, demonic magic 3, weakness stinger 1
a: Renounce Religion, Heroism, Finesse, Duel


You were on level 8 of the Dungeon.
You worshipped Okawaru.
Okawaru was extremely pleased with you.
You visited 1 branch of the dungeon, and saw 9 of its levels.

You collected 374 gold pieces.

Inventory:

Hand Weapons
 a - a +2 dagger of electrocution (weapon)
 b - the +9 flail "Plog" {vorpal, *Rage rElec rC++ rCorr}
   (You found it on level 6 of the Dungeon)

   It inflicts extra damage upon your enemies.
   rC:        It greatly protects you from cold.
   rElec:     It insulates you from electricity.
   *Rage:     It berserks you when you make melee attacks (+20% chance).
   rCorr:     It protects you from acid and corrosion.
Missiles
 E - 4 atropa-tipped darts
Armour
 c - a +0 robe
 h - a +0 pair of gloves (worn)
 n - a +0 ring mail
 o - a +0 cloak (worn)
 r - a +1 robe of the Archmagi (worn)
 x - a +0 pair of boots (worn)
 G - a +2 ring mail of fire resistance
 H - a +2 chain mail of fire resistance
 L - the +1 robe of Syanicwoi {Rampage}
   (Okawaru gifted it to you on level 8 of the Dungeon)

   Rampage:   It bestows one free step when moving towards enemies.
Magical Staves
 z - a staff of earth
 F - a staff of death
 I - a staff of fire
Jewellery
 d - an amulet of faith (around neck)
 p - a ring of magical power (left hand)
 J - the ring "Dusomir" (right hand) {Fly rPois Stlth+}
   (You found it on level 7 of the Dungeon)

   [ring of flight]

   rPois:     It protects you from poison.
   Fly:       It grants you flight.
   Stlth:     It makes you more stealthy.
Wands
 e - a wand of digging (8)
 v - a wand of polymorph (10)
 K - a wand of mindburst (15)
Scrolls
 i - a scroll of noise {unknown}
 j - a scroll of enchant weapon {unknown}
 k - 3 scrolls of teleportation {unknown}
 m - a scroll of immolation {unknown}
 t - 3 scrolls of identify {unknown}
 y - a scroll of enchant armour {unknown}
 A - a scroll of fog {unknown}
 B - 2 scrolls of amnesia {unknown}
Potions
 f - 2 potions of curing
 g - 4 potions of heal wounds
 l - 4 potions of brilliance
 q - a potion of might {unknown}
 s - 4 potions of flight {unknown}
 u - a potion of degeneration {unknown}
 w - a potion of lignification {unknown}
 C - 2 potions of ambrosia {unknown}
 D - 2 potions of attraction {unknown}


   Skills:
 + Level 5.4 Fighting
 - Level 4.0 Short Blades
 + Level 2.9 Maces & Flails
 - Level 2.0 Dodging
 * Level 6.6 Stealth
 + Level 5.6 Spellcasting
 * Level 10.0 Necromancy
 - Level 2.3 Invocations


You had 16 spell levels left.
You knew the following spells:

 Your Spells              Type           Power      Damage    Failure   Level
a - Pain                  Necr           100%       1d9       1%          1
b - Vampiric Draining     Necr           58%        2d10      1%          3

Your spell library contained the following spells:

 Spells                   Type           Power      Damage    Failure   Level
 Agony                    Necr           58%        N/A       5%          5
 Apportation              Tloc           14%        N/A       13%         1
 Scorch                   Fire           14%        2d6       19%         2
 Flame Wave               Conj/Fire      7%         2d5       77%         4
 Animate Skeleton         Necr           Unusable   N/A       N/A         1
 Animate Dead             Necr           Unusable   N/A       N/A         4
 Summon Small Mammal      Summ           Unusable   N/A       N/A         1
 Summon Cactus Giant      Summ           Unusable   N/A       N/A         6

Dungeon Overview and Level Annotations

Branches:
Dungeon (9/15)             Temple (0/1) D:6
   Lair: D:8-11         Orc: D:9-12

Altars:
Dithmenos
Gozag
Hepliaklqana
Kikubaaqudgha
Okawaru
Qazlal
The Shining One


Innate Abilities, Weirdness & Mutations

You regenerate magic rapidly.
You are partially covered in razor-sharp scales. (AC +1, Slay +1)
Spells you cast and wands you use may paralyse nearby enemies.
You have a small tail.


Message History

Confirm with . or Enter, or press ? or * to list all spells.
You can't see any susceptible monsters within range! (Use Z to cast anyway.)
The vampire closely misses you.
The vampire bites you but does no damage.
Casting: Pain (safe; 1% risk of failure)
Confirm with . or Enter, or press ? or * to list all spells.
Aiming: Pain (safe; 1% risk of failure)
Press: ? - help, Shift-Dir - straight line, f - vampire
Aim: a vampire (not susceptible)
You feel a surge of power!
The vampire is unaffected.
Malevolent energies surge around you. The vampire casts a spell at you.
You are confused.
Okay, then.
The vampire barely misses you. The vampire bites you!
The vampire draws strength from your injuries!
The vampire gestures at you while chanting.
You resist with some effort.
You're too confused to move!
The vampire hits you. The vampire barely misses you.
The vampire mumbles some strange words.
The vampire flickers and vanishes!
Deactivating autopickup; reactivate with Ctrl-A.
You feel less confused. Something hits you. Something bites you!
* * * LOW HITPOINT WARNING * * *
Something draws strength from your injuries!
You hit something but do no damage. Something hits you!
* * * LOW HITPOINT WARNING * * *
Something bites you!
* * * LOW HITPOINT WARNING * * *
Something draws strength from your injuries!
Casting: Pain (safe; 1% risk of failure)
Confirm with . or Enter, or press ? or * to list all spells.
Aiming: Pain (safe; 1% risk of failure)
Press: ? - help, Shift-Dir - straight line You feel a surge of power!
Nothing appears to happen.
Malevolent energies surge around you. Something hits you but does no damage.
Something bites you!
You die...

#.# #.# #.####.#.# # #.# #.# #.#
#.#.# # #.# #.# #.# #.#.# # #.#
#.# #.####.#.# # #.# #.#
#......#.# # #.# #.#
###########.# #.# #.#### ##...##
#.# #.# #....####.....## #.#
#.#######.......@...# #.#
...............{>...# #.#
#.###.####(.........# #.# ### #.#
#.# ##.##.....######.#####.. #.#
#.# #.###...#.............# #.#
#.# #.# ##.##.#####........ #.#
#.# #.####[##.############# #.#
#.# #.#....[...............
#.###.#####......##.#############


There were no monsters in sight!

Vanquished Creatures
  The ghost of mortz the Conjurer, a novice DgCj (D:6)
  Sigmund (D:4)
  4 yaks (D:8)
  Edmund (D:4)
  2 orc warriors (D:7)
  An ice beast (D:6)
  A sky beast (D:5)
  A necrophage (D:5)
  3 ogres
  2 centaurs
  A kobold brigand (D:7)
  4 bullfrogs
  4 scorpions
  A wyvern zombie (D:5)
  A water moccasin zombie (D:7)
  A water moccasin skeleton (D:7)
  6 wights (D:8)
  3 howler monkeys (D:7)
  2 spectral centaurs (D:6)
  A centaur zombie (D:6)
  3 hounds
  8 orc priests
  A gnoll shaman (D:7)
  A bullfrog skeleton (D:4)
  An iguana (D:5)
  Natasha (thrice) (D:3)
  Terence (D:3)
  3 orc wizards
  A killer bee zombie (D:7)
  A hound skeleton (D:5)
  9 gnolls
  2 adders
  A white imp (D:6)
  An ufetubus (D:7)
  2 worms (D:2)
  4 dart slugs
  15 orcs
  9 endoplasms
  5 giant cockroaches
  4 hobgoblins (D:1)
  2 quokkas (D:2)
  3 ball pythons
  A bat (D:3)
  3 frilled lizards (D:1)
  10 goblins
  11 kobolds
  7 rats
153 creatures vanquished.

Vanquished Creatures (others)
  An orc (D:6)
1 creature vanquished.

Grand Total: 154 creatures vanquished

Notes
Turn   | Place    | Note
-------+----------+-------------------------------------------
     0 | D:1      | wingedge the Demonspawn Necromancer began the quest for the
                  | Orb.
     0 | D:1      | Reached XP level 1. HP: 13/13 MP: 3/3
   185 | D:1      | Gained mutation: You are partially covered in razor-sharp
                  | scales. (AC +1, Slay +1) [demonic ancestry]
   185 | D:1      | Reached XP level 2. HP: 16/19 MP: 5/5
   881 | D:1      | Found a faded altar of an unknown god.
   914 | D:1      | Prayed at the altar of an unknown god.
   914 | D:1      | Became a worshipper of Warmaster Okawaru
   914 | D:1      | Reached * piety under Okawaru
  1111 | D:2      | Gained mutation: Spells you cast may paralyse adjacent
                  | enemies. [demonic ancestry]
  1111 | D:2      | Reached XP level 3. HP: 23/25 MP: 6/6
  1416 | D:2      | Learned a level 3 spell: Vampiric Draining
  1640 | D:2      | Reached skill level 5 in Necromancy
  1770 | D:2      | Reached skill level 1 in Fighting
  1770 | D:2      | Reached skill level 1 in Short Blades
  1858 | D:2      | Gained mutation: You have a small tail. [demonic ancestry]
  1858 | D:2      | Reached XP level 4. HP: 11/32 MP: 0/7
  1945 | D:3      | Reached skill level 1 in Invocations
  2885 | D:3      | Reached ** piety under Okawaru
  2886 | D:3      | Reached XP level 5. HP: 31/37 MP: 8/8
  3035 | D:3      | You fall into a shaft and drop 3 floors!
  3073 | D:6      | Noticed an ogre
  3079 | D:6      | Killed an ogre
  3081 | D:6      | Found a staircase to the Ecumenical Temple.
  3119 | D:6      | Reached skill level 6 in Necromancy
  3119 | D:6      | Gained mutation: Spells you cast may paralyse nearby
                  | enemies. [demonic ancestry]
  3119 | D:6      | Reached XP level 6. HP: 42/44 MP: 10/10
  3185 | D:5      | Entered Level 5 of the Dungeon
  3194 | D:5      | Reached *** piety under Okawaru
  3403 | D:4      | Gained mutation: You regenerate magic rapidly. [demonic
                  | ancestry]
  3403 | D:4      | Reached XP level 7. HP: 51/51 MP: 12/12
  3411 | D:4      | Noticed Sigmund
  3419 | D:4      | Killed Sigmund
  3420 | D:4      | Reached skill level 7 in Necromancy
  3462 | D:3      | Reached **** piety under Okawaru
  3601 | D:3      | Noticed Terence
  3607 | D:3      | Killed Terence
  3939 | D:3      | Noticed Natasha
  3943 | D:3      | Killed Natasha
  4031 | D:3      | Noticed Natasha
  4037 | D:3      | Killed Natasha
  4166 | D:3      | Noticed Natasha
  4170 | D:3      | Killed Natasha
  4336 | D:4      | Noticed Edmund
  4346 | D:4      | Killed Edmund
  4347 | D:4      | Gained mutation: Spells you cast and wands you use may
                  | paralyse nearby enemies. [demonic ancestry]
  4347 | D:4      | Reached XP level 8. HP: 56/58 MP: 14/14
  4825 | D:5      | Found a stormy altar of Qazlal.
  4827 | D:5      | Found an ancient bone altar of Kikubaaqudgha.
  4831 | D:5      | Found a hazy altar of Hepliaklqana.
  4832 | D:5      | Found an opulent altar of Gozag.
  5012 | D:5      | Found a shadowy altar of Dithmenos.
  5287 | D:5      | Reached skill level 8 in Necromancy
  5533 | D:5      | Reached ***** piety under Okawaru
  5678 | D:6      | Received a gift from Okawaru
  6151 | D:6      | Found a runed translucent gate.
  6151 | D:6      | Found a runed translucent gate.
  6174 | D:6      | Found a runed translucent gate.
  6178 | D:6      | Noticed mortz's ghost (novice DgCj)
  6224 | D:6      | Identified the +9 flail "Plog" {vorpal, *Rage rElec rC++
                  | rCorr}
  6317 | D:6      | Killed mortz's ghost
  6318 | D:6      | Reached skill level 1 in Maces & Flails
  6318 | D:6      | Reached skill level 5 in Stealth
  6318 | D:6      | Reached XP level 9. HP: 66/66 MP: 16/16
  6640 | D:7      | Reached skill level 9 in Necromancy
  6643 | D:7      | Reached skill level 5 in Spellcasting
  7120 | D:7      | Identified the ring "Dusomir" {Fly rPois Stlth+}
  7208 | D:7      | Reached skill level 5 in Fighting
  7646 | D:8      | Identified the +1 robe of Syanicwoi {Rampage} (Okawaru
                  | gifted it to you on level 8 of the Dungeon)
  7646 | D:8      | Received a gift from Okawaru
  8105 | D:8      | Reached XP level 10. HP: 74/74 MP: 18/18
  8148 | D:8      | Reached skill level 10 in Necromancy
  8523 | D:8      | HP: 2/74 [something (8)]
  8524 | D:8      | Slain by a vampire

Illustrated notes

Levels and vault maps discovered:
D:1:      dpeg_arrival_prison, layout_basic, ebering_ecumenical_altar_box
D:2:      layout_loops_corners, nicolae_underground_beach
D:3:      layout_basic, nrook_loot_triangle, cheibrodos_gnoll_hut, uniq_natasha,
          uniq_terence
D:4:      layout_loops_ring, uniq_edmund, uniq_sigmund
D:5:      layout_loops_ring, grunt_temple_overflow_open,
          nicolae_dithmenos_shadow_blocks, grunt_ministairs_7,
          solitary_fountain, hex_tiny
D:6:      layout_basic, temple_fountains, gammafunk_ghost_necromancy
D:7:      nicolae_cairo_tiling, layout_gridville
D:8:      layout_loops_ring, enter_bailey_3
D:9:      cheibrodos_fzero, layout_loops_ring, erik_orc_1, minivault_12,
          uniq_psyche

Skill      XL: |  1  2  3  4  5  6  7  8  9 10 |
---------------+-------------------------------+-----
Stealth        | 2 3 5 6 |  6.6
Dodging        | 2 |  2.0
Necromancy     | 5 6 7 8 9 10 | 10.0
Fighting       | 1 2 3 4 5 |  5.4
Short Blades   | 1 2 3 4 |  4.0
Invocations    | 1 2 |  2.3
Spellcasting   | 3 4 5 |  5.6
Maces & Flails | 1 2 |  2.9

Action                   |  1- 3 |  4- 6 |  7- 9 | 10-12 || total
-------------------------+-------+-------+-------+-------++-------
Melee: Dagger            |    62 |     4 |   120 |     4 ||   190
       Punch             |     3 |       |     3 |       ||     6
       Tailslap          |       |       |    12 |       ||    12
       Flail             |       |       |    20 |       ||    20
 Cast: Pain              |    25 |    45 |    29 |     6 ||   105
       Vampiric Draining |       |    10 |    55 |       ||    65
  Use: Potion            |       |     1 |       |     2 ||     3
       Scroll            |       |     1 |       |       ||     1
 Stab: Sleeping          |     9 |       |     8 |     3 ||    20
       Paralysed         |       |     3 |    48 |       ||    51
Armor: Robe              |     7 |     1 |    47 |     4 ||    59
Dodge: Dodged            |    28 |     4 |   104 |    10 ||   146
